 Dungeon Crawl Stone Soup version 0.20-a0-16-g0876c8e (webtiles) character file.

30 rlgrobin the Skirmisher (level 3, -2/29 HPs)
             Began as a Human Fighter on Nov 4, 2016.
             Killed from afar by KristoblXynda's ghost (19 damage)
             ... with an orb of energy
             ... on level 3 of the Dungeon.
             The game lasted 00:04:28 (1247 turns).

rlgrobin the Skirmisher (Human Fighter)             Turns: 1247, Time: 00:04:29

Health: -2/29      AC: 10    Str: 16    XL:     3   Next: 37%
Magic:  3/3        EV: 10    Int:  8    God:
Gold:   124        SH:  0    Dex: 13    Spells: 0 memorised, 2 levels left

rFire  . . .     SeeInvis .     a - +0 war axe
rCold  . . .     Gourm    .     b - +0 scale mail
rNeg   . . .     Faith    .     (no shield)
rPois  .         Spirit   .     k - +2 helmet
rElec  .         Reflect  .     (no cloak)
rCorr  .         Harm     .     (no gloves)
MR     .....                    (no boots)
Stlth  ..........               (no amulet)
                                (no ring)
                                r - +6 ring of slaying

@: no status effects
A: no striking features
a: no special abilities


You were on level 3 of the Dungeon.
You were very hungry.

You visited 1 branch of the dungeon, and saw 3 of its levels.

You collected 124 gold pieces.


   Skills:
 + Level 3.3 Fighting
 + Level 2.2 Axes
 + Level 3.3 Armour
 + Level 1.4 Dodging
 - Level 3.0 Shields


You had 2 spell levels left.
You didn't know any spells.

Inventory:

Hand Weapons
 a - a +0 war axe (weapon)
Armour
 b - a +0 scale mail (worn)
 c - a +0 shield
 k - a +2 helmet (worn)
Jewellery
 r - a +6 ring of slaying (left hand)
Potions
 d - a potion of might
 e - a potion of heal wounds {unknown}
 g - 2 potions of resistance {unknown}
 i - 3 potions of curing {unknown}
 j - 2 potions of flight {unknown}
 n - a potion of cure mutation {unknown}
 p - a potion of lignification {unknown}
Comestibles
 f - 3 bread rations
 m - 3 meat rations

Dungeon Overview and Level Annotations

Branches:
Dungeon (3/15)

Altars:
Yredelemnul

Annotations:
D:3 KristoblXynda's ghost, amateur DECj

▒▒.▒.........W....▒▒.▒...........
░░,▒▒▒▒▒▒.▒.▒▒▒▒..▒▒.▒...▒▒▒▒▒▒▒▒
,,)..........▒<▒W.▒▒.▒.....,,,,,,
░░▒▒▒▒▒▒▒▒▒..▒W▒..▒▒.▒..▒▒▒▒░░░░░
,,,,,........▒)▒..▒▒.▒..▒
░░░░░▒▒▒▒▒▒▒.B.▒..▒▒(▒..▒
░,,,░▒▒..▒..▒▒.▒..▒
░░,░,,,...▒..▒░,░,,░
░,,,,░▒▒..▒p.▒░,░,,░
░,,,........£▒,,,,,░
░,,,.▒▒▒▒.▒.▒▒,,,,,░ ░,,,,░
▒.▒..,,,,,,░ ░░░░░░,,,,░
▒..▒▒░<,,,,░░░░░░░░░ ,,,,,,,,,,░
░░.░ ░,,,,,,,,,,,,,, ,,,,,,,,,,░
░.░░░,,,░,░░░░░░░░░ ,,,,,,,,,,░
▒.,░░>,,░,░ ,,,,,,,,,,░░░
░░,░░░░░░+░░░░░░


You could see KristoblXynda's ghost.


Message History

The orb of energy hits you!!!
The orb of energy explodes!!!
Press: ? - help, v - describe, ! - travel The floor!
You see here a club!
There is a stone staircase leading up here!
You start resting!
You climb upwards!
There is a stone staircase leading down here!
You start resting!
HP restored!
There is a stone staircase leading down here!
You are feeling very hungry!
You climb downwards!
Level annotation: KristoblXynda's ghost, amateur DECj
There is a stone staircase leading up here!
There is a stone staircase leading down here!
Found 15 stones!
g - 2 bubbling inky potions KristoblXynda's ghost points at you and mumbles some strange words!
The orb of energy hits you!!!
Found 14 gold pieces!
KristoblXynda's ghost casts a spell at you!
The orb of energy hits you!!!
KristoblXynda's ghost casts a spell at you!
The orb of energy misses you!
KristoblXynda's ghost threatens, "Do not fail me, O fires of Iskenderun!!!"
KristoblXynda's ghost gestures at you while chanting!
The orb of energy hits you!!!
DANG rip

Action                   || total
-------------------------++-------
Melee: War axe           ||    64
  Use: Scroll            ||     6
Armor: Scale mail        ||    32
Dodge: Dodged            ||    43
Block: Shield            ||     3

Vault maps used:
D:1:      scummos_arrival_simple_fountains
D:2:      overflow_temple_1_default, first_bread
D:3:      kennysheep_goblin_castle, lemuel_round_altar, lemuel_doored_altar,
          ecumenical_altar_1

Notes
Turn   | Place    | Note
-------+----------+-------------------------------------------
     0 | D:1      | rlgrobin the Human Fighter began the quest for the Orb.
     0 | D:1      | Reached XP level 1. HP: 18/18 MP: 1/1
    92 | D:1      | Reached XP level 2. HP: 19/24 MP: 2/2
   137 | D:1      | Reached skill level 1 in Dodging
   497 | D:2      | Found a basalt altar of Yredelemnul.
   631 | D:2      | Reached XP level 3. HP: 29/29 MP: 3/3
   986 | D:3      | Noticed KristoblXynda's ghost (amateur DECj)
  1247 | D:3      | Killed from afar by KristoblXynda's ghost

Vanquished Creatures
  5 bats
  2 giant cockroaches (D:1)
  3 goblins
  3 hobgoblins
  A quokka (D:3)
  5 frilled lizards
  6 kobolds
  4 rats
29 creatures vanquished.

Vanquished Creatures (others)
  A frilled lizard (D:3)
1 creature vanquished.

Grand Total: 30 creatures vanquished
